 Dungeon Crawl Stone Soup version 0.31-a0-355-g57cb03d3e8 (webtiles) character file.

Game seed: 13428061266278756896

298 LeprechaunX the Ruffian (level 6, -1/41 HPs)
             Began as an Octopode Shapeshifter on July 24, 2023.
             Killed from afar by an orc wizard (7 damage)
             ... with a magic dart
             ... on level 4 of the Dungeon.
             The game lasted 00:03:48 (2191 turns).

LeprechaunX the Ruffian (Octopode Shapeshifter)     Turns: 2191, Time: 00:03:49

Health: -1/41      AC:  1    Str: 17    XL:     6   Next: 36%
Magic:  6/6        EV: 13    Int: 16    God:
Gold:   218        SH:  0    Dex: 12    Spells: 5/5 levels left

rFire   . .          .
                       - Unarmed
rCold   + . .        (no shield)
rNeg    . . .        (helmet currently unavailable)
rPois   .            (no amulet)
rElec   .            n - +6 ring of intelligence
rCorr   .            i - ring of wizardry
SInv    .            s - ring of protection from cold
Will    .....        (no ring)
Stlth   ++           (no ring)
HPRegen 0.26/turn    (no ring)
MPRegen 0.10/turn    (no ring)
                     (no ring)

%: wizardry (x1)
@: beast-form
A: beast (slay +2), almost no armour, amphibious, 8 rings, camouflage 1,
gelatinous body 1, (nimble swimmer 1), tentacles
a: Begin Untransformation


You were on level 4 of the Dungeon.
You were a hulking beast.
You visited 1 branch of the dungeon, and saw 4 of its levels.

You collected 218 gold pieces.

Inventory:

Hand Weapons
 a - a +0 shortbow
Jewellery
 i - a ring of wizardry (right tentacle)
 n - a +6 ring of intelligence (left tentacle)
 s - a ring of protection from cold (on tentacle)
Talismans
 b - a beast talisman
 j - a dragon-blood talisman
Scrolls
 c - 3 scrolls of torment {unknown}
 e - 2 scrolls of revelation {unknown}
 h - a scroll of poison {unknown}
 l - a scroll of summoning {unknown}
 q - 2 scrolls of teleportation {unknown}
 r - a scroll of immolation {unknown}
Potions
 d - 2 potions of attraction {unknown}
 f - 2 potions of degeneration {unknown}
 g - a potion of might {unknown}
 k - 3 potions of resistance {unknown}
 m - a potion of haste {unknown}
 o - a potion of brilliance {unknown}
 p - 2 potions of ambrosia {unknown}


   Skills:
 + Level 2.8 Fighting
 + Level 3.3 Dodging
 * Level 4.9 Unarmed Combat
 + Level 3.7 Shapeshifting


You had 5 spell levels left.
You didn't know any spells.
Your spell library was empty.

Dungeon Overview and Level Annotations

Branches:
Dungeon (4/15)
 Temple: D:4-7

Altars:
Makhleb
Yredelemnul

Shops:
D:2 *([(:


Innate Abilities, Weirdness & Mutations

You are a hulking beast.
Your limbs bulge with bestial killing power. (Slay +2)
You cannot wear most types of armour.
You are amphibious.
You can wear up to eight rings at the same time.
Your skin changes colour to match your surroundings (Stealth+).
Your rubbery body absorbs attacks. (AC +1, EV +1)
((You are camouflaged when in or above water. (Stealth+)))
You have tentacles for arms and can constrict up to eight enemies at once.


Message History

The arrow completely misses the orc wizard.
The arrow hits the orc.
The orc is moderately wounded.
You shoot an arrow. The arrow hits the orc priest.
The orc priest is moderately wounded.
The orc priest invokes the aid of Beogh against you.
Beogh smites you!
The orc wizard casts a spell.
The orc wizard flickers and vanishes!
Deactivating autopickup; reactivate with Ctrl-A.
You are now empty-tentacled.
You swing at nothing.
You swing at nothing.
You swing at nothing.
You swing at nothing.
You swing at nothing.
You miss something. Something hits you.
You closely miss something. Something hits you.
You barely miss something. You closely miss something.
Your squeeze misses something. You tentacle-slap the orc. You grab the orc.
The orc is severely wounded.
You constrict the orc.
You kill the orc!
Something hits you.
You swing at nothing.
Something hits you.
You completely miss the orc priest. Your grab misses the orc priest.
You squeeze the orc priest!
The orc priest is severely wounded.
The orc priest hits you with a +0 dagger.
You hear some strange, mumbled words.
A magic dart appears from out of thin air!
The magic dart hits you!
* * * LOW HITPOINT WARNING * * *
You bludgeon the orc priest!
You kill the orc priest!
You hear some strange, mumbled words.
A magic dart appears from out of thin air!
The magic dart hits you!
You die...

###########
#>........###### ###
#.#####........# #..
#.){# #........# #.#
#.#h# #........# #.#
#.#.#####'###### #.#
#.#.....#.########.#
#o#####.............
#.# ###.########.#
... #.##.....#.#
..... #..........#
......o ####.....###
......... #.....# #


There were no monsters in sight!

Vanquished Creatures
  A centaur (D:3)
  2 scorpions
  An orc priest (D:4)
  An orc wizard (D:3)
  2 adders
  2 worms (D:2)
  A dart slug (D:2)
  5 orcs
  3 ball pythons
  A bat (D:2)
  4 endoplasms
  A giant cockroach (D:3)
  3 goblins
  6 hobgoblins
  3 quokkas (D:1)
  3 frilled lizards (D:3)
  5 kobolds
  8 rats
52 creatures vanquished.

Notes
Turn   | Place    | Note
-------+----------+-------------------------------------------
     0 | D:1      | LeprechaunX the Octopode Shapeshifter began the quest for
                  | the Orb.
     0 | D:1      | Reached XP level 1. HP: 13/13 MP: 1/1
   131 | D:1      | Reached XP level 2. HP: 18/18 MP: 2/2
   535 | D:2      | Found Zoiv's Weapon Boutique.
   547 | D:2      | Reached XP level 3. HP: 17/23 MP: 3/3
   642 | D:2      | Found Hyicales's Assorted Antiques.
   733 | D:2      | Found Caraille's Weapon Emporium.
   746 | D:2      | Found Vueloy's Antique Armour Shoppe.
   848 | D:2      | Found a faded altar of an unknown god.
   945 | D:2      | Found Mebb's Book Shoppe.
  1389 | D:3      | Noticed a centaur
  1403 | D:3      | Killed a centaur
  1404 | D:3      | Reached skill level 4 in Unarmed Combat
  1404 | D:3      | Reached XP level 4. HP: 10/29 MP: 4/4
  1404 | D:3      | Reached XP level 5. HP: 12/34 MP: 5/5
  1852 | D:3      | Reached XP level 6. HP: 41/41 MP: 6/6
  1921 | D:3      | Found a burning altar of Makhleb.
  1923 | D:3      | Found a basalt altar of Yredelemnul.
  2191 | D:4      | Killed from afar by an orc wizard

Illustrated notes

Levels and vault maps discovered:
D:1:      amcnicky_arrival_flooded_fountain, layout_basic, st_stairs_4
D:2:      layout_rooms, serial_shops, nicolae_shop_advertising_works
          [nicolae_subvault_shop_adworks], nicolae_shop_tiny_glass,
          nicolae_shop_tiny_real_fake_doors, shop, shop,
          shapermc_ecumenical_altar_mp_urbaneastern, dreamdust_wishing_well,
          minivault_14, minmay_hedge_maze
D:3:      layout_basic, minitemple, kennysheep_cluttered_room
D:4:      nicolae_cairo_tiling_large, layout_basic,
          amethyst_overflow_temple_binary, minmay_temple_entry_statues_fountains

Skill      XL: |  1  2  3  4  5 |
---------------+----------------+-----
Fighting       | 2 |  2.8
Unarmed Combat | 4 |  4.9
Dodging        | 3 |  3.3
Shapeshifting  | |  3.7

Action                     |  1- 3 |  4- 6 || total
---------------------------+-------+-------++-------
  Melee: Unarmed           |    70 |    20 ||    90
         Tentacles         |    15 |     4 ||    19
         Constrict         |    18 |     6 ||    24
         Punch             |     1 |     1 ||     2
   Fire: Shortbow          |       |    24 ||    24
    Use: Potion            |     1 |       ||     1
   Stab: Sleeping          |     6 |       ||     6
 Armour: Skin              |     9 |       ||     9
  Dodge: Dodged            |    34 |     5 ||    39

Table legend: (Time is in decaauts)
 A = Elapsed time spent in this place.
 B = Non-inter-level travel time spent in this place.
 C = Inter-level travel time spent in this place.
 D = Time resting spent in this place.
 E = Time spent auto-exploring this place.
 F = Levels seen in this place.
 G = Mean time per level.
                   A        B        C        D        E       F      G
               +--------+--------+--------+--------+--------+-----+--------+
         Total |   2184 |   2151 |     33 |    268 |   1540 |   4 |  546.0 |
       Dungeon |   2184 |   2151 |     33 |    268 |   1540 |   4 |  546.0 |
               +--------+--------+--------+--------+--------+-----+--------+

Top non-repeatable levels by time:
     D:3: 889 daAuts
     D:2: 605 daAuts
     D:1: 526 daAuts
     D:4: 163 daAuts
